 Dungeon Sprint DCSS version 0.28-a0-1518-gbe868bca14 (webtiles) character file.

Game seed: 17685487385378705859

21844 mhtbhm the Cutthroat (level 13, -18/100 HPs)
             Began as a Kobold Berserker on Jan 16, 2022.
             Was the Champion of Trog.
             Hit by a large rock thrown by a stone giant (23 damage)
             ... in the Dungeon (Sprint IX: "|||||||||||||||||||||||||||||").
             The game lasted 00:06:35 (4023 turns).

mhtbhm the Cutthroat (Kobold Berserker)             Turns: 4023, Time: 00:06:35

Health: -18/100    AC: 19    Str: 25    XL:     13   Next: 23%
Magic:  13/13      EV: 18    Int:  8    God:    Trog [******]
Gold:   315        SH:  0    Dex: 14    Spells: 12/12 levels left

rFire   . . .      SeeInvis .   n - +8 rapier (vorpal)
rCold   + . .      Faith    .   (no shield)
rNeg    + . .      Spirit   .   b - +3 scale mail {Will+}
rPois   +          Reflect  .   t - +0 helmet
rElec   .          Harm     .   s - +0 cloak
rCorr   .          Rampage  .   k - +0 pair of gloves
Will    +....      NoTele   +   u - +0 pair of boots
Stlth   ++++......              x - amulet of Ytzeetu {Drain rC+ Regen+ Str+5}
HPRegen 1.06/turn               F - ring of positive energy
MPRegen 0.13/turn               E - ring of poison resistance

@: on berserk cooldown, slowed, very slow
A: small, no large weapons, nightstalker 3
a: Renounce Religion, Berserk, Trog's Hand, Brothers in Arms


You were in the Dungeon.
You worshipped Trog.
Trog was exalted by your worship.
You visited 1 branch You collected 1940 gold pieces.
You spent 1625 gold pieces at shops.

Inventory:

Hand Weapons
 a - a +6 antimagic quick blade
 n - a +8 vorpal rapier (weapon)
 v - a +8 rapier
Missiles
 w - 5 throwing nets (quivered)
Armour
 b - a +3 scale mail of willpower (worn)
 k - a +0 pair of gloves (worn)
 s - a +0 cloak (worn)
 t - a +0 helmet (worn)
 u - a +0 pair of boots (worn)
 C - a +0 buckler of fire resistance
Jewellery
 x - the amulet of Ytzeetu (around neck) {Drain rC+ Regen+ Str+5}
   (You bought it in a shop in the Dungeon)

   [amulet of regeneration]

   Str:       It affects your strength (+5).
   rC:        It protects you from cold.
   Regen:     It increases your rate of health regeneration.
   Drain:     It drains your maximum health when unequipped.
 E - a ring of poison resistance (right hand)
 F - a ring of positive energy (left hand)
 G - a ring of ice
Wands
 j - a wand of acid (8)
 D - a wand of flame (27)
Scrolls
 h - 5 scrolls of blinking
 o - 2 scrolls of identify
 p - 4 scrolls of enchant armour
 q - a scroll of fog
 r - a scroll of summoning
 y - 3 scrolls of enchant weapon
 z - a scroll of magic mapping
 A - 2 scrolls of holy word
Potions
 c - 7 potions of curing
 d - 10 potions of heal wounds
 e - 3 potions of haste
 f - 4 potions of magic
 g - 4 potions of berserk rage
 i - a potion of invisibility
 B - a potion of might


   Skills:
 + Level 19.5 Fighting
 + Level 24.4 Short Blades
 + Level 14.4 Armour
 + Level 12.0 Dodging
 + Level 9.0 Stealth
 + Level 2.3 Evocations


You had 12 spell levels left.
You didn't know any spells.
Your spell library was empty.

Dungeon Overview and Level Annotations

Branches:
Dungeon (1/1)

Altars:
Cheibriados
Dithmenos
Elyvilon
Fedhas
Gozag
Hepliaklqana
Kikubaaqudgha
Makhleb
Nemelex Xobeh
Okawaru
Qazlal
Ru
Sif Muna
Trog
Uskayaw
Vehumet
Wu Jian
Xom
Yredelemnul
Zin
The Shining One
Beogh
Jiyva
Lugonu

Shops:
D [=?!


Innate Abilities, Weirdness & Mutations

You are small and have problems with some larger weapons.
You are completely attuned to the shadows.


Message History

a +0 shortbow; 19 arrows; a centaur corpse The vampire mosquito bites your cyclops.
Your cyclops hits the vampire mosquito!!!
The vampire mosquito is destroyed!
Trog accepts your kill.
Things that are here:
a +2 dagger of flaming; a +1 long sword of protection; a +0 leather armour Unknown command.
Your cyclops barely misses the vampire mage.
The vampire mage hits your cyclops but does no damage.
The vampire mage bites your cyclops!
Your cyclops hits the vampire mage. Your cyclops hits the vampire mage!!
The vampire mage hits your cyclops. The vampire mage bites your cyclops.
Your cyclops hits the vampire mage!!
The vampire mage is destroyed!
Trog accepts your kill.
Trog appreciates your killing of a magic user.
Trog grants you a weapon! Something appears at your feet!
Your Dodging skill increases to level 12!
Your Stealth skill increases to level 9!
Your cyclops rages.
Unknown command.
You start resting.
A stone giant comes into view.
A stone giant is nearby!
A stone giant is nearby!
A stone giant is nearby!
Your cyclops hits the stone giant!!! The stone giant hits your cyclops!!
Your cyclops dies!
Your cyclops's corpse disappears in a puff of smoke!
The stone giant throws a large rock.
The large rock hits you!!!
Ouch! That really hurt!
* * * LOW HITPOINT WARNING * * *
Unknown command.
You feel much better.
The stone giant throws a large rock.
The large rock hits you!
* * * LOW HITPOINT WARNING * * *
A stone giant comes into view.
The stone giant throws a large rock.
The large rock hits you!!
You die...

▓▓▓▓▓▓▓▓▓▓▓▓▓▓▓▓▓▓▓▓▓▓▓▓
[[=[..........')@)(CC..V
▓▓▓▓▓▓▓▓▓▓▓▓▓▓▓▓▓▓▓▓▓▓▓▓▓▓▓▓▓▓▓▓▓
........)...............†))......
▓▓▓▓▓▓▓▓▓▓▓▓▓▓▓▓▓▓▓▓▓▓▓▓▓▓▓▓▓▓▓▓▓
))))).......))....∩.∩)∩)∩.....'..
▓▓▓▓▓▓▓▓▓▓▓▓▓▓▓▓▓▓▓▓▓▓▓▓▓▓▓▓▓▓▓▓▓
.......).........................
▓▓▓▓▓▓▓▓▓▓▓▓▓▓▓▓▓▓▓▓▓▓▓▓▓▓▓▓▓▓▓▓▓
..÷')÷.....÷÷'........[...'....[.


You could see 2 stone giants.

Vanquished Creatures
  A stone giant (D)
  Josephine (D)
  Harold (D)
  5 hydras (D)
  Erolcha (D)
  A boulder beetle (D)
  2 centaur warriors (D)
  A two-headed ogre (D)
  A deep elf pyromancer (D)
  6 orc knights (D)
  An ugly thing (D)
  2 cyclopes (D)
  A black mamba (D)
  2 cane toads (D)
  A freezing wraith (D)
  A komodo dragon (D)
  A polar bear (shapeshifter) (D)
  2 blink frogs (D)
  2 tyrant leeches (D)
  3 wraiths (D)
  A yak (D)
  Grum (D)
  2 vampire mosquitoes (D)
  A basilisk (D)
  2 water moccasins (D)
  13 orc warriors (D)
  A sky beast (D)
  A black bear (D)
  3 wolves (D)
  2 centaurs (D)
  A kobold brigand (D)
  3 bullfrogs (D)
  A wight (D)
  A hound (D)
  2 orc priests (D)
  3 orc wizards (D)
  An ufetubus (D)
  6 orcs (D)
  A bat (D)
  A bat zombie (D)
  2 endoplasms (D)
  A goblin (D)
  A ball python zombie (D)
  A rat (D)
88 creatures vanquished.

Vanquished Creatures (collateral kills)
  An ettin (D)
  An orc high priest (D)
  A vampire mage (D)
  An orc knight (D)
  A black mamba (D)
  A cane toad (D)
  A yak (D)
  A vampire mosquito (D)
  A water moccasin (D)
  7 orc warriors (D)
  2 orcs (D)
18 creatures vanquished.

Grand Total: 106 creatures vanquished

Notes
Turn   | Place    | Note
-------+----------+-------------------------------------------
     0 | D        | mhtbhm the Kobold Berserker began the quest for the Orb.
     0 | D        | Reached XP level 1. HP: 14/14 MP: 1/1
    13 | D        | Reached ** piety under Trog
    18 | D        | Reached skill level 5 in Short Blades
    20 | D        | Reached XP level 2. HP: 10/20 MP: 2/2
   161 | D        | Noticed a sky beast
   172 | D        | Killed a sky beast
   172 | D        | Reached *** piety under Trog
   173 | D        | Reached skill level 8 in Short Blades
   173 | D        | Reached skill level 1 in Stealth
   173 | D        | Reached XP level 3. HP: 21/28 MP: 3/3
   173 | D        | Reached XP level 4. HP: 24/32 MP: 4/4
   173 | D        | Reached XP level 5. HP: 27/37 MP: 5/5
   182 | D        | Reached skill level 9 in Short Blades
   238 | D        | Found a snail-covered altar of Cheibriados.
   238 | D        | Found a shadowy altar of Dithmenos.
   239 | D        | Found a white marble altar of Elyvilon.
   240 | D        | Found a blossoming altar of Fedhas.
   241 | D        | Found an opulent altar of Gozag.
   242 | D        | Found a hazy altar of Hepliaklqana.
   243 | D        | Found a viscous altar of Jiyva.
   244 | D        | Found an ancient bone altar of Kikubaaqudgha.
   245 | D        | Found a corrupted altar of Lugonu.
   246 | D        | Found a burning altar of Makhleb.
   247 | D        | Found a sparkling altar of Nemelex Xobeh.
   248 | D        | Found an iron altar of Okawaru.
   249 | D        | Found a stormy altar of Qazlal.
   250 | D        | Found a sacrificial altar of Ru.
   251 | D        | Found a shimmering blue altar of Sif Muna.
   252 | D        | Found a bloodstained altar of Trog.
   253 | D        | Found a hide-covered altar of Uskayaw.
   254 | D        | Found a radiant altar of Vehumet.
   255 | D        | Found an ornate altar of the Wu Jian Council.
   256 | D        | Found a shimmering altar of Xom.
   257 | D        | Found a basalt altar of Yredelemnul.
   258 | D        | Found a glowing silver altar of Zin.
   259 | D        | Found a glowing golden altar of the Shining One.
   264 | D        | Found the +7 sceptre of Torment {pain, torment}
   381 | D        | Noticed a centaur
   381 | D        | Noticed an orc warrior
   387 | D        | Killed a centaur
   387 | D        | Reached **** piety under Trog
   388 | D        | Reached skill level 10 in Short Blades
   388 | D        | Reached skill level 5 in Dodging
   388 | D        | Reached XP level 6. HP: 44/44 MP: 6/6
   393 | D        | Killed an orc warrior
   394 | D        | Reached skill level 11 in Short Blades
   394 | D        | Noticed a yak
   397 | D        | Reached skill level 12 in Short Blades
   406 | D        | Reached XP level 7. HP: 52/52 MP: 7/7
   411 | D        | Killed a yak
   412 | D        | Reached skill level 10 in Fighting
   412 | D        | Reached skill level 13 in Short Blades
   458 | D        | Noticed a polar bear
   462 | D        | Reached ***** piety under Trog
   463 | D        | Reached skill level 14 in Short Blades
   463 | D        | Noticed a cyclops
   465 | D        | Noticed a two-headed ogre
   472 | D        | Killed a polar bear
   473 | D        | Reached skill level 15 in Short Blades
   473 | D        | Reached XP level 8. HP: 60/60 MP: 8/8
   475 | D        | Noticed a seven-headed hydra
   477 | D        | Killed a cyclops
   477 | D        | Received a gift from Trog
   478 | D        | Reached skill level 16 in Short Blades
   486 | D        | Killed a two-headed ogre
   487 | D        | Reached skill level 17 in Short Blades
   487 | D        | Reached skill level 5 in Armour
   487 | D        | Reached XP level 9. HP: 67/67 MP: 9/9
   495 | D        | Killed a seven-headed hydra
   496 | D        | Reached skill level 18 in Short Blades
   496 | D        | Reached skill level 5 in Stealth
   783 | D        | Noticed a four-headed hydra
   783 | D        | Noticed a komodo dragon
   789 | D        | Killed a four-headed hydra
   790 | D        | Reached skill level 19 in Short Blades
   790 | D        | Reached XP level 10. HP: 55/74 MP: 10/10
   952 | D        | Noticed a six-headed hydra
   959 | D        | Killed a komodo dragon
   960 | D        | Noticed a cane toad
   976 | D        | Noticed a black mamba
   977 | D        | Killed a six-headed hydra
   978 | D        | Reached skill level 20 in Short Blades
   981 | D        | Killed a cane toad
   982 | D        | Killed a black mamba
   983 | D        | Received a gift from Trog
  1321 | D        | Noticed a cane toad
  1321 | D        | Noticed an eight-headed hydra
  1330 | D        | Killed an eight-headed hydra
  1331 | D        | Reached skill level 21 in Short Blades
  1331 | D        | Reached XP level 11. HP: 80/80 MP: 11/11
  1446 | D        | Noticed a seven-headed hydra
  1451 | D        | Reached skill level 15 in Fighting
  1463 | D        | Killed a seven-headed hydra
  1464 | D        | Reached skill level 10 in Dodging
  1479 | D        | Received a gift from Trog
  1480 | D        | Reached skill level 10 in Armour
  1872 | D        | Reached ****** piety under Trog
  2244 | D        | Received a gift from Trog
  2245 | D        | Noticed Josephine
  2254 | D        | Killed Josephine
  2397 | D        | Noticed Harold
  2416 | D        | Killed Harold
  2417 | D        | Reached skill level 1 in Evocations
  2717 | D        | Received a gift from Trog
  2724 | D        | Reached skill level 22 in Short Blades
  2743 | D        | Received a gift from Trog
  2886 | D        | Noticed an orc knight
  2899 | D        | Killed an orc knight
  2900 | D        | Reached XP level 12. HP: 88/89 MP: 12/12
  2921 | D        | Received a gift from Trog
  2926 | D        | Noticed an orc high priest
  2926 | D        | Killed an orc high priest
  3327 | D        | Received a gift from Trog
  3535 | D        | Found Pesik's Antique Armour Emporium.
  3545 | D        | Found Uqan Xut's Jewellery Shoppe.
  3547 | D        | Found Siel Ydy's Magic Scroll Emporium.
  3561 | D        | Found Sicazore's Distillery.
  3566 | D        | Reached skill level 23 in Short Blades
  3605 | D        | Bought the amulet of Ytzeetu {Drain rC+ Regen+ Str+5} for
                  | 684 gold pieces
  3612 | D        | Bought a scroll of enchant weapon for 75 gold pieces
  3612 | D        | Bought a scroll of magic mapping for 35 gold pieces
  3612 | D        | Bought a scroll of holy word for 75 gold pieces
  3612 | D        | Bought a scroll of holy word for 75 gold pieces
  3614 | D        | Bought a potion of heal wounds for 60 gold pieces
  3614 | D        | Bought a potion of might for 48 gold pieces
  3614 | D        | Bought a potion of heal wounds for 60 gold pieces
  3614 | D        | Bought a potion of heal wounds for 60 gold pieces
  3614 | D        | Bought a potion of haste for 120 gold pieces
  3775 | D        | Bought a runed buckler for 172 gold pieces
  3781 | D        | Bought a glowing scale mail for 161 gold pieces
  3818 | D        | Noticed Grum
  3823 | D        | Killed Grum
  3823 | D        | Identified the +2 short sword of the Elven Halls {vorpal,
                  | rF+ rN+ Dex+4} (Trog gifted it to you in the Dungeon)
  3823 | D        | Received a gift from Trog
  3852 | D        | Noticed Erolcha
  3856 | D        | Killed Erolcha
  3966 | D        | Noticed a centaur warrior
  3966 | D        | Noticed a centaur warrior
  3971 | D        | Killed a centaur warrior
  3978 | D        | Killed a centaur warrior
  3978 | D        | Received a gift from Trog
  3981 | D        | Noticed a boulder beetle
  3986 | D        | Noticed a stone giant
  3991 | D        | Reached XP level 13. HP: 99/99 MP: 13/13
  3995 | D        | Noticed an ettin
  3997 | D        | Killed a boulder beetle
  3998 | D        | Reached skill level 24 in Short Blades
  4001 | D        | Killed a stone giant
  4009 | D        | Killed an ettin
  4014 | D        | Received a gift from Trog
  4015 | D        | Found the +7 Spriggan's Knife {stab, EV+4 Stlth+}
  4020 | D        | Noticed a stone giant
  4022 | D        | HP: 4/100 [stone giant/large rock (53)]
  4023 | D        | Noticed a stone giant
  4023 | D        | Hit by a large rock thrown by a stone giant

Illustrated notes

Levels and vault maps discovered:
D:        linesprint [early_d, line_temple, items_1, d_10, items_2, lair_1,
          lair_end, items_3, orc_1, orc_end, items_4, d_15, swamp_1, shoals_1,
          snake_1, spider_1, d_20, vaults_1, items_5, swamp_end, shoals_end,
          snake_end, spider_end, vaults_end, d_27, items_6, zot_1, zot_end,
          crypt_end, forest_end, elf_end, slime_end, tomb_end, abyss_end,
          pan_hell_end]

Skill      XL: |  1  2  3  4  5  6  7  8  9 10 11 12 13 |
---------------+----------------------------------------+-----
Fighting       | 4 6 8 9 11 12 13 14 16 18 19 | 19.5
Short Blades   | 5 8 10 12 15 17 19 21 22 23 24 | 24.4
Armour         | 2 3 4 5 6 8 12 14 | 14.4
Dodging        | 4 5 6 7 8 9 10 11 12 | 12.0
Stealth        | 1 2 3 4 5 6 8 9 |  9.0
Evocations     | 1 2 |  2.3

Action                   |  1- 3 |  4- 6 |  7- 9 | 10-12 | 13-15 || total
-------------------------+-------+-------+-------+-------+-------++-------
Melee: Short sword       |    22 |    10 |       |       |       ||    32
       Rapier            |       |    20 |    44 |   305 |    15 ||   384
       Punch             |       |       |     1 |     5 |     1 ||     7
Invok: Berserk           |     1 |     1 |     2 |    10 |       ||    14
       Brothers in Arms  |       |       |       |     4 |     1 ||     5
Evoke: Wand              |       |       |       |     2 |       ||     2
  Use: Scroll            |       |       |       |     1 |       ||     1
       Potion            |       |       |       |     2 |     1 ||     3
 Stab: Sleeping          |     1 |       |       |     3 |       ||     4
Armor: Chain mail        |       |     7 |    16 |    58 |       ||    81
       Scale mail        |       |       |       |     9 |     2 ||    11
Dodge: Dodged            |     9 |    12 |    12 |    98 |     6 ||   137

Table legend: (Time is in decaauts)
 A = Elapsed time spent in this place.
 B = Non-inter-level travel time spent in this place.
 C = Inter-level travel time spent in this place.
 D = Time resting spent in this place.
 E = Time spent auto-exploring this place.
 F = Levels seen in this place.
 G = Mean time per level.
                   A        B        C        D        E       F      G
               +--------+--------+--------+--------+--------+-----+--------+
         Total |   3940 |   3940 |      0 |   2790 |    169 |   1 | 3940.0 |
       Dungeon |   3940 |   3940 |      0 |   2790 |    169 |   1 | 3940.0 |
               +--------+--------+--------+--------+--------+-----+--------+

Top non-repeatable levels by time:
       D: 3940 daAuts
